| TOP OF THE 1ST |
|
Peoria Chiefs batting - Pitching for Augusta GreenJackets : RHP Josh Harriston
|
|
Pitching: RHP Josh Harriston
|
|
|
Batting: SHB Bobby O'Leary
|
0-0: Swinging Strike 0-1: Swinging Strike 0-2: Ball 1-2: Ball 2-2: Strikes out looking
|
|
Batting: RHB Jorge Benites
|
0-0: Called Strike 0-1: Fly out, F8 (Flyball, 8RXD, EV 92.5 MPH)
|
|
Batting: RHB Terry Baginski
|
0-0: Called Strike 0-1: Ground out 4-3 (Groundball, 4M, EV 107.5 MPH)
|
| Top of the 1st over - 0 runs, 0 hits, 0 errors, 0 left on base; Peoria 0 - Augusta 0 |
| BOTTOM OF THE 1ST |
|
Augusta GreenJackets batting - Pitching for Peoria Chiefs : RHP Josh Ambrose
|
|
Pitching: RHP Josh Ambrose
|
|
|
Batting: RHB Mike Buchanan
|
0-0: Swinging Strike 0-1: Swinging Strike 0-2: DOUBLE (Line Drive, 89D, EV 109.4 MPH)
|
|
Batting: RHB Devin Lowery
|
0-0: Fly out, F8 (Flyball, 8LM, EV 80.0 MPH)
|
|
Batting: LHB Gabe Velez
|
0-0: Called Strike 0-1: Called Strike 0-2: DOUBLE (Line Drive, 78D, EV 109.4 MPH) Mike Buchanan scores
|
|
Batting: RHB Chris King
|
0-0: Called Strike 0-1: Swinging Strike 0-2: Foul Ball, location: 2F 0-2: DOUBLE (Line Drive, 7LM, EV 90.6 MPH) Gabe Velez scores
|
|
Batting: RHB Doug Kennie
|
0-0: Ball 1-0: Called Strike 1-1: Ball 2-1: Ball 3-1: Called Strike 3-2: Fly out, F7 (Line Drive, 7, EV 90.6 MPH)
|
|
Batting: RHB Drew Duncan
|
0-0: Called Strike 0-1: Swinging Strike 0-2: Strikes out swinging
|
| Bottom of the 1st over - 2 runs, 3 hits, 0 errors, 1 left on base; Peoria 0 - Augusta 2 |
| TOP OF THE 2ND |
|
Peoria Chiefs batting - Pitching for Augusta GreenJackets : RHP Josh Harriston
|
|
Batting: RHB Dan Boykins
|
0-0: Ball 1-0: Ball 2-0: Ball 3-0: Base on Balls
|
|
Batting: RHB Travis Leonard
|
0-0: Called Strike 0-1: Ball 1-1: Ball 2-1: Ball 3-1: SINGLE (Groundball, 5D, EV 94.4 MPH) Dan Boykins to second
|
|
Batting: RHB Javier Ochoa
|
0-0: Ball 1-0: Swinging Strike 1-1: Ball 2-1: Ball 3-1: Foul Ball, location: 2F 3-2: Foul Ball, location: 2F 3-2: Foul Ball, location: 2F 3-2: Fielders Choice at 2nd, 3-6 (Groundball, 34, EV 80.6 MPH) Dan Boykins to third
|
|
Batting: RHB Josh Martin
|
0-0: Ball 1-0: Ball 2-0: Foul Ball, location: 2F 2-1: Foul Ball, location: 2F 2-2: Fly out, F5 (Popup, 5SF, EV 85.6 MPH)
|
|
Batting: RHB Justin Reich
|
0-0: Ball 1-0: Ball 2-0: Ball 3-0: Base on Balls Javier Ochoa to second
|
|
Batting: RHB Chris Simmons
|
0-0: Ball 1-0: Ball 2-0: Swinging Strike 2-1: Foul Ball, location: 2F 2-2: Ball 3-2: SINGLE (Groundball, 34D, EV 105.0 MPH) Dan Boykins scores Javier Ochoa to third Justin Reich to second Javier Ochoa scores Justin Reich to third
|
|
Batting: SHB Bobby O'Leary
|
0-0: Fly out, F8 (Flyball, 8RM, EV 87.5 MPH)
|
| Top of the 2nd over - 2 runs, 2 hits, 0 errors, 2 left on base; Peoria 2 - Augusta 2 |
| BOTTOM OF THE 2ND |
|
Augusta GreenJackets batting - Pitching for Peoria Chiefs : RHP Josh Ambrose
|
|
Batting: LHB John Whitman
|
0-0: Ball 1-0: Foul Ball, location: 2F 1-1: Foul Ball, location: 2F 1-2: Ball 2-2: Ball 3-2: Ground out U3 (Groundball, 3, EV 88.1 MPH)
|
|
Batting: RHB Juan Flores
|
0-0: Called Strike 0-1: Ball 1-1: Ball 2-1: Ball 3-1: Base on Balls
|
|
Batting: RHB Alfredo Lemus
|
0-0: Ball 1-0: SINGLE (Flyball, 56D, EV 86.2 MPH) Juan Flores to second
|
|
Batting: RHB Mike Buchanan
|
0-0: Called Strike 0-1: Fly out, F9 (Flyball, 9, EV 85.0 MPH)
|
|
Batting: RHB Devin Lowery
|
0-0: Called Strike 0-1: Ball 1-1: Ball 2-1: Called Strike 2-2: Ball 3-2: Foul Ball, location: 2F 3-2: Base on Balls Juan Flores to third Alfredo Lemus to second
|
|
Batting: LHB Gabe Velez
|
0-0: Foul Ball, location: 2F 0-1: Swinging Strike 0-2: Foul Ball, location: 2F 0-2: Ball 1-2: Ball 2-2: Foul Ball, location: 2F 2-2: Strikes out swinging
|
| Bottom of the 2nd over - 0 runs, 1 hit, 0 errors, 3 left on base; Peoria 2 - Augusta 2 |
| TOP OF THE 3RD |
|
Peoria Chiefs batting - Pitching for Augusta GreenJackets : RHP Josh Harriston
|
|
Batting: RHB Jorge Benites
|
0-0: Foul Ball, location: 2F 0-1: Fly out, F4 (Popup, 4MD, EV 66.9 MPH)
|
|
Batting: RHB Terry Baginski
|
0-0: Ball 1-0: Fly out, F9 (Line Drive, 9, EV 91.9 MPH)
|
|
Batting: RHB Dan Boykins
|
0-0: Ball 1-0: Swinging Strike 1-1: Fly out, F8 (Line Drive, 8RM, EV 90.6 MPH)
|
| Top of the 3rd over - 0 runs, 0 hits, 0 errors, 0 left on base; Peoria 2 - Augusta 2 |
| BOTTOM OF THE 3RD |
|
Augusta GreenJackets batting - Pitching for Peoria Chiefs : RHP Josh Ambrose
|
|
Batting: RHB Chris King
|
0-0: Ball 1-0: Ground out 4-3 (Groundball, 4M, EV 97.5 MPH)
|
|
Batting: RHB Doug Kennie
|
0-0: Called Strike 0-1: Called Strike 0-2: Ball 1-2: Ball 2-2: Foul Ball, location: 2F 2-2: Ball 3-2: Strikes out swinging
|
|
Batting: RHB Drew Duncan
|
0-0: Foul Ball, location: 2F 0-1: Foul Ball, location: 2F 0-2: SINGLE (Groundball, 25, EV 75.0 MPH) (infield hit)
|
|
Batting: LHB John Whitman
|
0-0: Ball 1-0: DOUBLE (Flyball, 8RD, EV 105.6 MPH) Drew Duncan to third Runner from 3rd tries for Home, SAFE, no throw by CF
|
|
Batting: RHB Juan Flores
|
0-0: Ball 1-0: Called Strike 1-1: Ball 2-1: Ball 3-1: SINGLE (Groundball, 6MD, EV 97.5 MPH) John Whitman to third Runner from 3rd tries for Home, throw by CF and OUT! 8-2
|
| Bottom of the 3rd over - 1 run, 3 hits, 0 errors, 1 left on base; Peoria 2 - Augusta 3 |
| TOP OF THE 4TH |
|
Peoria Chiefs batting - Pitching for Augusta GreenJackets : RHP Josh Harriston
|
|
Batting: RHB Travis Leonard
|
0-0: Ball 1-0: Reached on error, E6 (Groundball, 6S, EV 65.6 MPH)
|
|
Batting: RHB Javier Ochoa
|
0-0: Fielders Choice at 2nd, 5-4 (Groundball, 56, EV 86.2 MPH)
|
|
Batting: RHB Josh Martin
|
0-0: Ball 1-0: SINGLE (Line Drive, 34, EV 106.2 MPH) Javier Ochoa to second
|
|
Batting: RHB Justin Reich
|
0-0: Ball 1-0: Swinging Strike 1-1: Called Strike 1-2: Foul Ball, location: 2F 1-2: 3-RUN HOME RUN (Flyball, 89XD, EV 105.6 MPH), Distance : 414 ft
|
|
Batting: RHB Chris Simmons
|
0-0: Ball 1-0: Ground out 5-3 (Groundball, 5L, EV 106.9 MPH)
|
|
Batting: SHB Bobby O'Leary
|
0-0: Called Strike 0-1: Ball 1-1: Ground out 1-3 (Groundball, 15, EV 55.6 MPH)
|
| Top of the 4th over - 3 runs, 2 hits, 1 error, 0 left on base; Peoria 5 - Augusta 3 |
| BOTTOM OF THE 4TH |
|
Augusta GreenJackets batting - Pitching for Peoria Chiefs : RHP Josh Ambrose
|
|
Batting: RHB Alfredo Lemus
|
0-0: Called Strike 0-1: Swinging Strike 0-2: SINGLE (Flyball, 4MD, EV 85.6 MPH)
|
|
Batting: RHB Mike Buchanan
|
0-0: Ball 1-0: Ball 2-0: Ball 3-0: Called Strike 3-1: Base on Balls Alfredo Lemus to second
|
|
Batting: RHB Devin Lowery
|
0-0: Ball 1-0: Called Strike 1-1: Swinging Strike 1-2: Strikes out swinging
|
|
Batting: LHB Gabe Velez
|
0-0: Foul Ball, location: 2F 0-1: Foul Ball, location: 2F 0-2: Strikes out swinging
|
|
Batting: RHB Chris King
|
0-0: Ball 1-0: Called Strike 1-1: Ground out 4-3 (Groundball, 4, EV 102.5 MPH)
|
| Bottom of the 4th over - 0 runs, 1 hit, 0 errors, 2 left on base; Peoria 5 - Augusta 3 |
| TOP OF THE 5TH |
|
Peoria Chiefs batting - Pitching for Augusta GreenJackets : RHP Josh Harriston
|
|
Batting: RHB Jorge Benites
|
0-0: Foul Ball, location: 2F 0-1: Swinging Strike 0-2: Strikes out swinging
|
|
Batting: RHB Terry Baginski
|
0-0: Called Strike 0-1: Called Strike 0-2: Foul Ball, location: 2F 0-2: Strikes out looking
|
|
Batting: RHB Dan Boykins
|
0-0: Ball 1-0: Ball 2-0: Foul Ball, location: 2F 2-1: Fly out, F4 (Popup, 34S, EV 83.1 MPH)
|
| Top of the 5th over - 0 runs, 0 hits, 0 errors, 0 left on base; Peoria 5 - Augusta 3 |
| BOTTOM OF THE 5TH |
|
Augusta GreenJackets batting - Pitching for Peoria Chiefs : RHP Josh Ambrose
|
|
Pitching: RHP Jason Inman
|
|
|
Batting: RHB Doug Kennie
|
0-0: Swinging Strike 0-1: Foul Ball, location: 2F 0-2: Foul Ball, location: 2F 0-2: Ball 1-2: SINGLE (Line Drive, 8RS, EV 86.9 MPH)
|
|
Batting: RHB Drew Duncan
|
0-0: Called Strike 0-1: Foul Ball, location: 2F 0-2: Strikes out looking
|
|
Batting: LHB John Whitman
|
0-0: Ball 1-0: Ball 2-0: Called Strike 2-1: Grounds into double play, 5-4-3 (Groundball, 56, EV 87.5 MPH)
|
| Bottom of the 5th over - 0 runs, 1 hit, 0 errors, 0 left on base; Peoria 5 - Augusta 3 |
| TOP OF THE 6TH |
|
Peoria Chiefs batting - Pitching for Augusta GreenJackets : RHP Josh Harriston
|
|
Batting: RHB Travis Leonard
|
0-0: Ball 1-0: Swinging Strike 1-1: Foul Ball, location: 2F 1-2: Ball 2-2: SINGLE (Line Drive, 7S, EV 86.9 MPH)
|
|
Batting: RHB Javier Ochoa
|
0-0: Ball Travis Leonard steals 2nd base 1-0: Ball 2-0: Called Strike 2-1: Swinging Strike 2-2: Fly out, F7 (Flyball, 78M, EV 93.8 MPH)
|
|
Batting: RHB Josh Martin
|
0-0: Ball 1-0: Foul Ball, location: 2F 1-1: Ball 2-1: Foul Ball, location: 2F 2-2: Ground out 6-3 (Groundball, 6, EV 103.1 MPH)
|
|
Batting: RHB Justin Reich
|
0-0: Foul Ball, location: 2F 0-1: Foul Ball, location: 2F 0-2: Ball 1-2: Foul Ball, location: 2F 1-2: Ground out 6-3 (Groundball, 6, EV 101.2 MPH)
|
| Top of the 6th over - 0 runs, 1 hit, 0 errors, 1 left on base; Peoria 5 - Augusta 3 |
| BOTTOM OF THE 6TH |
|
Augusta GreenJackets batting - Pitching for Peoria Chiefs : RHP Jason Inman
|
|
Batting: RHB Juan Flores
|
0-0: Ground out 1-3 (Groundball, 13S, EV 63.8 MPH)
|
|
Batting: RHB Alfredo Lemus
|
0-0: Foul Ball, location: 2F 0-1: Foul Ball, location: 2F 0-2: Ball 1-2: Foul Ball, location: 2F 1-2: Ball 2-2: Ball 3-2: SINGLE (Line Drive, 7S, EV 105.6 MPH)
|
|
Batting: RHB Mike Buchanan
|
0-0: Called Strike 0-1: Swinging Strike 0-2: Strikes out looking
|
|
Batting: RHB Devin Lowery
|
0-0: Ball 1-0: Called Strike Alfredo Lemus steals 2nd base 1-1: Ball 2-1: Ball 3-1: SINGLE (Groundball, 6D, EV 98.1 MPH) Alfredo Lemus to third Runner from 3rd tries for Home, SAFE, throw by LF to home
|
|
Batting: LHB Gabe Velez
|
0-0: Ball Devin Lowery steals 2nd base 1-0: Ball 2-0: Foul Ball, location: 2F 2-1: Swinging Strike 2-2: Strikes out swinging
|
| Bottom of the 6th over - 1 run, 2 hits, 0 errors, 1 left on base; Peoria 5 - Augusta 4 |
| TOP OF THE 7TH |
|
Peoria Chiefs batting - Pitching for Augusta GreenJackets : RHP Josh Harriston
|
|
Pitching: RHP Ron Riley
|
|
|
Batting: RHB Chris Simmons
|
0-0: Called Strike 0-1: Swinging Strike 0-2: Foul Ball, location: 2F 0-2: Foul Ball, location: 2F 0-2: Ball 1-2: Ball 2-2: Ball 3-2: SOLO HOME RUN (Flyball, 7LD, EV 95.6 MPH), Distance : 339 ft
|
|
Batting: SHB Bobby O'Leary
|
0-0: Called Strike 0-1: Reached on error, E3 (Groundball, 34, EV 84.4 MPH)
|
|
Pitching: RHP Billy Scheer
|
|
|
Batting: RHB Jorge Benites
|
0-0: Ball 1-0: Called Strike 1-1: Ball Bobby O'Leary steals 2nd base 2-1: Called Strike Bobby O'Leary steals 3rd base 2-2: Fly out, F7 (Flyball, 7D, EV 101.2 MPH)
|
|
Batting: RHB Terry Baginski
|
0-0: Intentional Walk
|
|
Batting: RHB Dan Boykins
|
|
|
Batting: LHB Jay Fenderson
|
0-0: Ball 1-0: Called Strike 1-1: Called Strike 1-2: Ground out 5-3 (Groundball, 56, EV 106.9 MPH) Terry Baginski to second
|
|
Batting: RHB Travis Leonard
|
0-0: SINGLE (Line Drive, 89S, EV 106.9 MPH) Bobby O'Leary scores Terry Baginski to third Runner from 3rd tries for Home, SAFE, throw by RF to home
|
|
Batting: RHB Javier Ochoa
|
0-0: Ball 1-0: Ball 2-0: Swinging Strike 2-1: Ball 3-1: Base on Balls Travis Leonard to second
|
|
Batting: RHB Josh Martin
|
0-0: SINGLE (Groundball, 6MS, EV 63.1 MPH) (infield hit) Travis Leonard to third Javier Ochoa to second
|
|
Batting: RHB Justin Reich
|
0-0: Fielders Choice at 2nd, 6-4 (Groundball, 6, EV 76.9 MPH)
|
| Top of the 7th over - 3 runs, 3 hits, 1 error, 3 left on base; Peoria 8 - Augusta 4 |
| BOTTOM OF THE 7TH |
|
Augusta GreenJackets batting - Pitching for Peoria Chiefs : RHP Jason Inman
|
|
Pitching: RHP Eric Glad
|
|
|
Batting: RHB Chris King
|
0-0: Fly out, F8 (Flyball, 89M, EV 78.1 MPH)
|
|
Batting: RHB Doug Kennie
|
0-0: Called Strike 0-1: Ball 1-1: Called Strike 1-2: Ball 2-2: Ball 3-2: Foul Ball, location: 2F 3-2: Base on Balls
|
|
Batting: RHB Drew Duncan
|
0-0: Ball 1-0: Swinging Strike Passed Ball! Doug Kennie to second 1-1: Reached via error on a dropped throw from SS, E3 (Groundball, 56D, EV 85.0 MPH) Doug Kennie to third
|
|
Batting: LHB John Whitman
|
0-0: Called Strike 0-1: Ball 1-1: Fly out, F8 (Flyball, 8RM, EV 90.6 MPH)
|
|
Batting: RHB Juan Flores
|
0-0: Ball 1-0: SINGLE (Groundball, 6, EV 97.5 MPH) Doug Kennie scores Drew Duncan to second
|
|
Batting: RHB Alfredo Lemus
|
0-0: Ball 1-0: Called Strike 1-1: Called Strike 1-2: Strikes out looking
|
| Bottom of the 7th over - 1 run, 1 hit, 1 error, 2 left on base; Peoria 8 - Augusta 5 |
| TOP OF THE 8TH |
|
Peoria Chiefs batting - Pitching for Augusta GreenJackets : RHP Billy Scheer
|
|
Batting: RHB Chris Simmons
|
0-0: Ball 1-0: Ball 2-0: DOUBLE (Line Drive, 7LS, EV 100.6 MPH)
|
|
Batting: SHB Bobby O'Leary
|
0-0: Called Strike 0-1: Sac Bunt to 15 - play at first, batter OUT! 1-3 Chris Simmons to third
|
|
Batting: RHB Jorge Benites
|
0-0: Ball 1-0: Ball 2-0: Ball 3-0: Called Strike 3-1: SINGLE (Groundball, 56, EV 90.0 MPH) (infield hit) Chris Simmons scores
|
|
Batting: RHB Terry Baginski
|
0-0: Ball Jorge Benites steals 2nd base 1-0: Foul Ball, location: 2F 1-1: Called Strike 1-2: Ball 2-2: Foul Ball, location: 2F 2-2: Ball 3-2: Foul Ball, location: 2F 3-2: Fly out, F8 (Flyball, 8RXD, EV 95.6 MPH) Runner from 2nd tags up, SAFE at 3rd, no throw by CF
|
|
Batting: LHB Jay Fenderson
|
0-0: Ball 1-0: Ball 2-0: Ball 3-0: Base on Balls
|
|
Pitching: LHP Tommy McCusker
|
|
|
Batting: RHB Travis Leonard
|
0-0: Ball 1-0: Called Strike 1-1: Foul Ball, location: 2F 1-2: Fly out, F9 (Flyball, 89XD, EV 100.0 MPH)
|
| Top of the 8th over - 1 run, 2 hits, 0 errors, 2 left on base; Peoria 9 - Augusta 5 |
| BOTTOM OF THE 8TH |
|
Augusta GreenJackets batting - Pitching for Peoria Chiefs : RHP Eric Glad
|
|
Batting: RHB Mike Buchanan
|
0-0: Ground out 6-3 (Groundball, 6M, EV 88.1 MPH)
|
|
Batting: RHB Devin Lowery
|
0-0: Ball 1-0: Called Strike 1-1: Foul Ball, location: 2F 1-2: Strikes out swinging
|
|
Batting: LHB Gabe Velez
|
0-0: Fly out, F7 (Flyball, 7LS, EV 95.6 MPH)
|
| Bottom of the 8th over - 0 runs, 0 hits, 0 errors, 0 left on base; Peoria 9 - Augusta 5 |
| TOP OF THE 9TH |
|
Peoria Chiefs batting - Pitching for Augusta GreenJackets : LHP Tommy McCusker
|
|
Batting: RHB Javier Ochoa
|
0-0: Ball 1-0: Ball 2-0: Foul Ball, location: 2F 2-1: Foul Ball, location: 2F 2-2: Foul Ball, location: 2F 2-2: Ball 3-2: Strikes out swinging
|
|
Batting: RHB Josh Martin
|
0-0: Ball 1-0: Ground out 6-3 (Groundball, 6M, EV 110.6 MPH)
|
|
Batting: RHB Justin Reich
|
0-0: Ball 1-0: Called Strike 1-1: Ball 2-1: Called Strike 2-2: Ball 3-2: Strikes out swinging
|
| Top of the 9th over - 0 runs, 0 hits, 0 errors, 0 left on base; Peoria 9 - Augusta 5 |
| BOTTOM OF THE 9TH |
|
Augusta GreenJackets batting - Pitching for Peoria Chiefs : RHP Eric Glad
|
|
Pitching: LHP Luis Herrera
|
|
|
Batting: RHB Chris King
|
0-0: Ball 1-0: DOUBLE (Line Drive, 89M, EV 103.1 MPH)
|
|
Batting: RHB Doug Kennie
|
0-0: Ball 1-0: Called Strike 1-1: Swinging Strike 1-2: Ball 2-2: Foul Ball, location: 2F 2-2: SINGLE (Line Drive, 8LS, EV 93.1 MPH) Chris King to third
|
|
Batting: RHB Drew Duncan
|
0-0: Called Strike 0-1: Swinging Strike 0-2: Ball 1-2: Ball 2-2: Foul Ball, location: 2F 2-2: Ball 3-2: Strikes out swinging
|
|
Pinch Hitting: RHB Danny Gallo
|
0-0: Ball 1-0: Ball 2-0: Ball 3-0: Base on Balls Doug Kennie to second
|
|
Batting: RHB Juan Flores
|
0-0: Grounds into double play, 3-6-3 (Groundball, 3S, EV 85.0 MPH)
|
| Bottom of the 9th over - 0 runs, 2 hits, 0 errors, 2 left on base; Peoria 9 - Augusta 5 |
|